[ AOE2 MATCH · #504642968 ]
UnrankedMalay vs Portuguese
Player's team · WIN
Rival team · LOSS
[ REPLAY ANALYSIS · EXTRACTED FROM THE RECORDED GAME ]
Feudal
9:39
Castle
19:35
Imperial
32:49
| APM avg | 47.0 |
| APM peak | 96 |
| eAPM avg | 24.4 |
| Villagers / military | 137 / 119 |
Focus
⚔️ 34.3% · 🌾 65.7%
Archer ×49 · Skirmisher ×47 · Battle Elephant ×8 · Bombard Cannon ×6 · Mangonel ×3 · Monk ×2
Feudal
10:08
Castle
22:30
Imperial
—
| APM avg | 60.8 |
| APM peak | 108 |
| eAPM avg | 36.7 |
| Villagers / military | 157 / 90 |
Focus
⚔️ 50.4% · 🌾 49.6%
Archer ×47 · Mangonel ×11 · Organ Gun ×11 · Skirmisher ×11 · Militia ×5 · Scout Cavalry ×4
Match map
Initial resources + every placement click. Lines = walls · curves = elevation contours. ◆ gold · ⬟ stone · ● berries · ✦ relic · ◌ wall gap
Your base· Open — opponent sealed themselves in
Noszombie's base· ✓ Closed at 22:30 · 29t walls · 1 gate(s)
Smoothed initial terrain · ◌ = detected wall gap · hover for details
Inputs per minute
— Mununez - - Noszombie
Build order — Mununez
First 150 of 432 actions detected
| 0:01 | Create | Villager (Male) |
| 0:01 | Create | Villager (Male) |
| 0:02 | Build | House |
| 0:05 | Build | House |
| 0:13 | Create | Villager (Male) |
| 0:13 | Create | Villager (Male) |
| 1:29 | Create | Villager (Male) |
| 1:57 | Create | Villager (Male) |
| 2:18 | Build | Lumber Camp |
| 2:19 | Create | Villager (Male) |
| 2:39 | Create | Villager (Male) |
| 3:10 | Create | Villager (Male) |
| 3:30 | Build | House |
| 3:44 | Create | Villager (Male) |
| 3:45 | Create | Villager (Male) |
| 4:25 | Create | Villager (Male) |
| 4:42 | Create | Villager (Male) |
| 4:52 | Build | House |
| 5:02 | Create | Villager (Male) |
| 5:27 | Build | Barracks |
| 5:28 | Create | Villager (Male) |
| 6:04 | Create | Villager (Male) |
| 6:20 | Create | Militia |
| 6:23 | Build | Palisade Wall |
| 6:32 | Create | Villager (Male) |
| 6:36 | Build | Mill |
| 6:45 | Create | Militia |
| 7:01 | Create | Villager (Male) |
| 7:02 | Research | Loom |
| 7:16 | Build | House |
| 7:41 | Create | Villager (Male) |
| 7:59 | Build | Palisade Wall |
| 8:10 | Research | Feudal Age |
| 8:55 | Create | Villager (Male) |
| 9:13 | Build | House |
| 9:16 | Build | Mining Camp |
| 9:22 | Build | Palisade Wall |
| 9:23 | Build | Palisade Gate |
| 9:39 | Age | Feudal Age |
| 9:57 | Research | Double-Bit Axe |
| 9:57 | Create | Villager (Male) |
| 10:15 | Create | Villager (Male) |
| 10:31 | Build | Archery Range |
| 10:37 | Create | Villager (Male) |
| 10:40 | Build | Palisade Wall |
| 10:41 | Build | Palisade Wall |
| 10:47 | Build | Farm |
| 10:50 | Build | Farm |
| 10:53 | Build | Farm |
| 11:02 | Build | Palisade Wall |
| 11:05 | Build | Palisade Wall |
| 11:11 | Create | Villager (Male) |
| 11:19 | Build | Farm |
| 11:34 | Create | Archer |
| 11:36 | Build | Farm |
| 11:39 | Create | Villager (Male) ×2 |
| 11:48 | Build | Farm |
| 11:59 | Create | Archer |
| 12:10 | Build | Farm |
| 12:10 | Create | Villager (Male) |
| 12:18 | Build | Farm |
| 12:28 | Build | Farm |
| 12:34 | Build | House |
| 12:47 | Build | House |
| 12:48 | Build | House |
| 12:51 | Create | Archer |
| 12:51 | Create | Villager (Male) |
| 12:52 | Create | Villager (Male) |
| 13:18 | Create | Villager (Male) |
| 13:20 | Create | Archer |
| 13:28 | Create | Villager (Male) |
| 13:43 | Build | Blacksmith |
| 13:49 | Create | Villager (Male) |
| 13:58 | Create | Archer |
| 14:17 | Create | Villager (Male) |
| 14:18 | Create | Archer |
| 14:26 | Research | Town Watch |
| 14:43 | Research | Fletching |
| 14:45 | Create | Villager (Male) |
| 14:48 | Build | Farm |
| 14:50 | Build | Farm |
| 14:50 | Build | Farm |
| 14:56 | Build | Lumber Camp |
| 15:06 | Build | Farm |
| 15:14 | Create | Archer |
| 15:27 | Research | Wheelbarrow |
| 15:29 | Create | Villager (Male) |
| 15:45 | Build | House |
| 15:49 | Create | Archer |
| 15:57 | Build | Farm |
| 16:17 | Build | House |
| 16:19 | Build | Palisade Wall |
| 16:22 | Create | Archer |
| 16:28 | Build | Farm |
| 16:42 | Create | Archer |
| 16:59 | Research | Town Watch |
| 17:03 | Build | Farm |
| 17:03 | Create | Villager (Male) |
| 17:22 | Build | Farm |
| 17:30 | Build | Farm |
| 17:52 | Research | Castle Age |
| 18:14 | Build | Lumber Camp |
| 18:17 | Create | Archer |
| 18:40 | Build | Market |
| 19:05 | Build | House |
| 19:08 | Build | House |
| 19:12 | Create | Archer |
| 19:15 | Create | Villager (Male) |
| 19:35 | Age | Castle Age |
| 19:36 | Research | Bodkin Arrow |
| 19:37 | Research | Crossbowman (upgrade) |
| 19:39 | Research | Bow Saw |
| 19:44 | Build | Town Center |
| 20:03 | Create | Villager (Male) |
| 20:19 | Create | Villager (Male) |
| 20:24 | Create | Archer |
| 20:25 | Create | Villager (Male) |
| 20:32 | Build | Town Center |
| 20:34 | Create | Archer |
| 20:55 | Create | Villager (Male) |
| 20:55 | Create | Villager (Male) |
| 20:56 | Research | Horse Collar |
| 21:06 | Create | Villager (Male) |
| 21:07 | Create | Archer |
| 21:13 | Create | Archer |
| 21:29 | Build | Farm |
| 21:30 | Build | Farm |
| 21:34 | Build | Farm |
| 21:37 | Create | Villager (Male) |
| 21:39 | Create | Skirmisher |
| 21:45 | Create | Villager (Male) |
| 21:47 | Build | Farm |
| 21:49 | Build | Farm |
| 22:00 | Create | Villager (Male) |
| 22:02 | Create | Skirmisher |
| 22:02 | Create | Villager (Male) |
| 22:03 | Create | Villager (Male) |
| 22:12 | Build | Farm |
| 22:14 | Build | Farm |
| 22:16 | Build | Farm |
| 22:26 | Build | Farm |
| 22:28 | Create | Villager (Male) |
| 22:29 | Create | Skirmisher |
| 22:29 | Create | Villager (Male) |
| 22:30 | Create | Villager (Male) |
| 22:31 | Create | Villager (Male) |
| 22:44 | Build | Farm |
| 22:45 | Create | Villager (Male) |
| 22:48 | Build | House |
| 22:49 | Build | House |
Build order — Noszombie
First 150 of 442 actions detected
| 0:01 | Create | Villager (Male) |
| 0:02 | Build | House |
| 0:04 | Build | House |
| 0:09 | Create | Villager (Male) |
| 0:10 | Create | Villager (Male) |
| 0:14 | Create | Villager (Male) |
| 0:14 | Create | Villager (Male) |
| 1:35 | Create | Villager (Male) |
| 1:45 | Build | Lumber Camp |
| 1:57 | Create | Villager (Male) |
| 1:58 | Create | Villager (Male) |
| 2:23 | Create | Villager (Male) |
| 2:23 | Create | Villager (Male) |
| 2:51 | Create | Villager (Male) |
| 2:51 | Create | Villager (Male) |
| 3:10 | Build | House |
| 3:21 | Create | Villager (Male) |
| 3:21 | Create | Villager (Male) |
| 3:47 | Create | Villager (Male) |
| 4:27 | Create | Villager (Male) |
| 4:54 | Create | Villager (Male) |
| 5:09 | Build | Barracks |
| 5:25 | Create | Villager (Male) |
| 5:25 | Create | Villager (Male) |
| 5:32 | Build | House |
| 6:11 | Create | Villager (Male) |
| 6:18 | Create | Militia |
| 6:18 | Create | Militia |
| 6:42 | Create | Villager (Male) |
| 6:53 | Build | Mining Camp |
| 6:58 | Create | Villager (Male) |
| 7:02 | Build | House |
| 7:18 | Research | Loom |
| 7:31 | Build | House |
| 7:58 | Research | Feudal Age |
| 7:59 | Research | Feudal Age |
| 8:07 | Build | Mill |
| 8:29 | Create | Militia |
| 8:43 | Build | Palisade Wall |
| 8:51 | Create | Militia |
| 9:06 | Build | Palisade Wall |
| 9:14 | Build | Palisade Wall |
| 9:15 | Build | Palisade Wall |
| 9:17 | Create | Militia |
| 9:24 | Create | Villager (Male) |
| 9:46 | Build | Palisade Gate |
| 10:06 | Build | House |
| 10:08 | Age | Feudal Age |
| 10:11 | Build | Palisade Wall |
| 10:13 | Build | Palisade Wall |
| 10:22 | Create | Villager (Male) |
| 10:46 | Research | Man-at-Arms (upgrade) |
| 10:49 | Build | Archery Range |
| 10:54 | Create | Villager (Male) |
| 11:12 | Create | Villager (Male) |
| 11:18 | Create | Villager (Male) |
| 11:20 | Build | Farm |
| 11:23 | Build | Farm |
| 11:36 | Build | Farm |
| 11:39 | Create | Archer |
| 11:53 | Create | Villager (Male) |
| 12:02 | Create | Archer |
| 12:09 | Build | Blacksmith |
| 12:20 | Create | Villager (Male) |
| 12:28 | Create | Villager (Male) |
| 12:40 | Create | Archer |
| 12:42 | Create | Villager (Male) |
| 12:44 | Build | House |
| 12:55 | Build | Archery Range |
| 13:02 | Build | House |
| 13:08 | Build | House |
| 13:33 | Create | Villager (Male) |
| 13:43 | Create | Villager (Male) |
| 13:44 | Create | Archer |
| 14:02 | Research | Fletching |
| 14:03 | Create | Villager (Male) |
| 14:04 | Build | Farm |
| 14:05 | Build | Farm |
| 14:24 | Create | Villager (Male) |
| 14:38 | Create | Archer |
| 14:40 | Create | Villager (Male) |
| 14:42 | Build | House |
| 14:44 | Build | Farm |
| 14:49 | Build | Lumber Camp |
| 14:52 | Build | House |
| 14:53 | Create | Villager (Male) |
| 14:59 | Build | Farm |
| 15:03 | Create | Archer |
| 15:05 | Create | Villager (Male) |
| 15:07 | Create | Archer |
| 15:15 | Research | Horse Collar |
| 15:15 | Research | Horse Collar |
| 15:18 | Build | House |
| 15:20 | Build | Palisade Wall |
| 15:22 | Create | Villager (Male) |
| 15:32 | Build | House |
| 15:35 | Build | Palisade Wall |
| 15:36 | Build | Palisade Wall |
| 15:38 | Create | Villager (Male) |
| 15:47 | Build | Farm |
| 15:50 | Create | Archer |
| 15:50 | Create | Archer |
| 15:57 | Create | Archer |
| 15:58 | Create | Villager (Male) |
| 16:05 | Create | Archer |
| 16:05 | Create | Archer |
| 16:17 | Build | Farm |
| 16:19 | Create | Archer |
| 16:21 | Create | Villager (Male) |
| 16:33 | Create | Archer |
| 16:40 | Create | Villager (Male) |
| 16:56 | Create | Archer |
| 17:00 | Create | Villager (Male) |
| 17:02 | Build | House |
| 17:13 | Build | Mill |
| 17:24 | Create | Archer |
| 17:33 | Build | Farm |
| 17:35 | Build | Farm |
| 17:50 | Research | Wheelbarrow |
| 17:50 | Research | Wheelbarrow |
| 17:51 | Create | Villager (Male) |
| 17:55 | Build | Mill |
| 18:04 | Create | Archer |
| 18:17 | Build | House |
| 18:24 | Build | House |
| 18:25 | Create | Archer |
| 19:00 | Build | Market |
| 19:06 | Build | Palisade Wall |
| 19:08 | Build | Palisade Wall |
| 19:10 | Build | Palisade Wall |
| 19:36 | Build | House |
| 19:38 | Build | Palisade Wall |
| 19:50 | Research | Castle Age |
| 19:50 | Research | Castle Age |
| 20:08 | Create | Archer |
| 20:08 | Create | Archer |
| 20:29 | Create | Archer |
| 20:29 | Create | Archer |
| 20:46 | Create | Archer |
| 20:46 | Create | Archer |
| 20:47 | Research | Gold Mining |
| 20:47 | Research | Gold Mining |
| 20:51 | Build | Farm |
| 21:14 | Create | Archer |
| 21:14 | Create | Archer |
| 21:47 | Create | Archer |
| 21:48 | Create | Archer |
| 22:11 | Create | Archer |
| 22:30 | Age | Castle Age |
| 22:32 | Research | Crossbowman (upgrade) |
Match timeline
| 5:09 | Noszombie · first_building Barracks |
| 5:27 | Mununez · first_building Barracks |
| 6:23 | Mununez · wall_segment Palisade Wall x1 |
| 7:59 | Mununez · wall_segment Palisade Wall x6 |
| 8:43 | Noszombie · wall_segment Palisade Wall x1 |
| 9:06 | Noszombie · wall_segment Palisade Wall x1 |
| 9:14 | Noszombie · wall_segment Palisade Wall x1 |
| 9:15 | Noszombie · wall_segment Palisade Wall x1 |
| 9:22 | Mununez · wall_segment Palisade Wall x1 |
| 9:39 | Mununez · age_up feudal |
| 10:08 | Noszombie · age_up feudal |
| 10:11 | Noszombie · wall_segment Palisade Wall x1 |
| 10:13 | Noszombie · wall_segment Palisade Wall x1 |
| 10:31 | Mununez · first_building Archery Range |
| 10:40 | Mununez · wall_segment Palisade Wall x1 |
| 10:41 | Mununez · wall_segment Palisade Wall x2 |
| 10:49 | Noszombie · first_building Archery Range |
| 11:02 | Mununez · wall_segment Palisade Wall x1 |
| 11:05 | Mununez · wall_segment Palisade Wall x1 |
| 15:20 | Noszombie · wall_segment Palisade Wall x3 |
| 15:35 | Noszombie · wall_segment Palisade Wall x7 |
| 15:36 | Noszombie · wall_segment Palisade Wall x1 |
| 16:19 | Mununez · wall_segment Palisade Wall x1 |
| 19:06 | Noszombie · wall_segment Palisade Wall x1 |
| 19:08 | Noszombie · wall_segment Palisade Wall x2 |
| 19:10 | Noszombie · wall_segment Palisade Wall x9 |
| 19:35 | Mununez · age_up castle |
| 19:38 | Noszombie · wall_segment Palisade Wall x1 |
| 19:45 | Noszombie · first_market_buy 100 food |
| 19:48 | Noszombie · first_market_sell 100 wood |
| 22:30 | Noszombie · age_up castle |
| 25:11 | Mununez · first_building Monastery |
| 27:08 | Noszombie · first_building Siege Workshop |
| 27:34 | Mununez · first_building Siege Workshop |
| 29:44 | Noszombie · first_building Castle |
| 30:54 | Mununez · first_market_sell 500 wood |
| 31:54 | Noszombie · first_building Monastery |
| 32:49 | Mununez · age_up imperial |
| 33:04 | Mununez · first_market_buy 100 stone |
| 33:18 | Mununez · first_building Castle |
| 36:06 | Mununez · first_building Stable |
| 37:16 | Noszombie · first_building Stable |
| 37:53 | Noszombie · wall_segment Stone Wall x4 |
| 37:55 | Noszombie · wall_segment Stone Wall x6 |
| 40:17 | Noszombie · resign |
[ AI ANALYSIS · 1 CREDIT ]
What really happened in this match?
Wolo.gg analyzes every decision: build order, eco, micro, common mistakes by bracket. Personalized analysis on WhatsApp or Discord in 30 seconds.
Civ guide
Malay
Perfil
Jugador #3444509